Description

For me and my friend.

Build Order

Get SALT Encoding   

  12  0:00  Drone  
  13  0:12  Overlord  
  13  0:17  Drone  
  14  0:31  Drone x3  
  17  0:37  Extractor  
  16  0:46  Drone  
  17  0:52  Spawning Pool  
  17  0:56  Drone  
  17  1:17  Hatchery  
  16  1:21  Drone x2  
  18  1:29  Drone  
  19  1:41  Queen  
  19  1:44  Zergling x2  
  22  1:52  Metabolic Boost  
  22  2:07  Roach Warren  
  22  2:16  Overlord x2  
  22  2:47  Roach x5  
  32  2:53  Roach x2  
  36  2:58  Roach  
  38  3:01  Zergling x4  
  40  3:13  Overlord x2  
  40  3:15  Roach x6  
  52  3:56  Overlord  
Spawning Tool Build Advisor. Get it on Overwolf

Analysis

Take your enemies down before they know what's up!

Go to:

Details

  • Created by: Rage
  • Published on: May 20, 2020
  • Modified on: May 20, 2020
  • Patch: 4.0.0
Show
View Real Time Build Order
Export as new Build Order

Comments (0)

There are no comments. Be the first!

Create an account to comment!